[Event "2023 IBCA European Team Championship for the Blind and Visually Impaired"]
[Site "Genoa, Italy"]
[Date "2023.04.23"]
[Round "4"]
[White "Ambrosino, Theo"]
[Black "Yatsishin, Ivan"]
[Result "1/2-1/2"]
[Time "15:00:00"]
[UTCTime "13:00:00"]
[UTCDate "2023.04.23"]
[Board "6.4"]
[WhiteTeam "France"]
[BlackTeam "Ukraine"]
[WhiteCountry "FRA"]
[BlackCountry "UKR"]
[WhiteTitle "-"]
[BlackTitle "-"]
[WhiteElo "1672"]
[BlackElo "2049"]
[TimeControl "5400+30"]
[Opening "English"]
[Variation "symmetrical variation"]
[ECO "A30"]
[PlyCount "89"]
[EventDate "2023.04.20"]
[EventType "team"]
[EventRounds "9"]
[EventCountry "ITA"]
[Annotator "Vrioni, Bersan"]

1. c4 c5 2. g3 Nf6 3. Bg2 d5 4. cxd5 Nxd5 5. e3 Nc6 6. a3 e5 7. Ne2 Be6 8. O-O
Be7 9. d4 exd4 10. exd4 O-O 11. dxc5 Bxc5 12. b4 Bb6 13. Bb2 a6 14. Nbc3 Nxc3
15. Bxc3 Qxd1 16. Raxd1 Bg4 17. Rfe1 Rfe8 18. Kf1 Rab8 19. a4 Ne5 20. Bxe5 Rxe5
21. a5 Bc7 22. Rd4 h5 23. h3 Bf5 24. g4 hxg4 25. hxg4 Be6 26. f4 Re3 27. Kf2 Ra3
28. f5 Ba2 29. Ra1 Be5 30. Rdd1 Bb3 31. Rxa3 Bxd1 32. Rd3 Ba4 33. Rd5 Bc7 34. g5
b6 35. g6 Bc6 36. gxf7+ Kxf7 37. Rd2 Bxg2 38. Kxg2 Rd8 39. Rc2 Rd7 40. axb6 Bxb6
41. Rc6 Rb7 42. Nf4 Be3 43. Nd5 Bd2 44. Rxa6 Bxb4 45. f6 1/2-1/2

[Event "2023 IBCA European Team Championship for the Blind and Visually Impaired"]
[Site "Genoa, Italy"]
[Date "2023.04.23"]
[Round "4"]
[White "Cajzler, Hinko"]
[Black "Asllani, Muhamet"]
[Result "0-1"]
[Time "15:00:00"]
[UTCTime "13:00:00"]
[UTCDate "2023.04.23"]
[Board "7.1"]
[WhiteTeam "Croatia"]
[BlackTeam "Kosovo"]
[WhiteCountry "CRO"]
[BlackCountry "KOS"]
[WhiteTitle "-"]
[BlackTitle "-"]
[WhiteElo "2030"]
[BlackElo "2238"]
[TimeControl "5400+30"]
[Opening "English"]
[Variation "Sicilian reversed"]
[ECO "A25"]
[PlyCount "86"]
[EventDate "2023.04.20"]
[EventType "team"]
[EventRounds "9"]
[EventCountry "ITA"]
[Annotator "Vrioni, Bersan"]

1. c4 e5 2. Nc3 Nc6 3. g3 Bc5 4. Bg2 Nf6 5. e3 d6 6. Nge2 O-O 7. h3 Bf5 8. d3
Re8 9. O-O a5 10. a3 h6 11. d4 Bb6 12. b3 exd4 13. Nxd4 Nxd4 14. exd4 c6 15. g4
Ne4 16. Bb2 Bh7 17. Re1 d5 18. Nxe4 Bxe4 19. f3 Bg6 20. Rxe8+ Qxe8 21. Qd2 Qd7
22. c5 Bc7 23. f4 f5 24. Bf3 Re8 25. Rf1 Qe7 26. Bc1 Qh4 27. Qg2 Bd8 28. Bd2 Bf6
29. Kh2 Bxd4 30. Bxa5 Bxc5 31. Bc7 Bxa3 32. Be5 Bf8 33. Rg1 fxg4 34. Bxg4 Be4
35. Qb2 Kh7 36. Bxg7 Bd6 37. Rf1 Qe7 38. Bf6 Qc7 39. h4 Bd3 40. Rf2 Bxf4+ 41.
Kh3 Re3+ 42. Bf3 Qc8+ 43. Kg2 Qg8+ 0-1

[Event "2023 IBCA European Team Championship for the Blind and Visually Impaired"]
[Site "Genoa, Italy"]
[Date "2023.04.23"]
[Round "4"]
[White "Gashi, Gani"]
[Black "Culjak, Miso"]
[Result "1/2-1/2"]
[Time "15:00:00"]
[UTCTime "13:00:00"]
[UTCDate "2023.04.23"]
[Board "7.2"]
[WhiteTeam "Kosovo"]
[BlackTeam "Croatia"]
[WhiteCountry "KOS"]
[BlackCountry "CRO"]
[WhiteTitle "-"]
[BlackTitle "-"]
[WhiteElo "1741"]
[BlackElo "1705"]
[TimeControl "5400+30"]
[Opening "French defence"]
[ECO "C00"]
[PlyCount "64"]
[EventDate "2023.04.20"]
[EventType "team"]
[EventRounds "9"]
[EventCountry "ITA"]
[Annotator "Vrioni, Bersan"]

1. e4 e6 2. Nf3 d5 3. exd5 exd5 4. d4 Nf6 5. c4 c6 6. Ne5 Bd6 7. Bg5 Be6 8. Nc3
Nbd7 9. cxd5 cxd5 10. Bb5 a6 11. Ba4 O-O 12. Nxd7 Bxd7 13. Bxd7 Qxd7 14. Bxf6
Qe6+ 15. Be5 f6 16. O-O fxe5 17. dxe5 Qxe5 18. Qxd5+ Rf7 19. Qxe5 Bxe5 20. Rac1
b5 21. g3 Rd7 22. Rc2 b4 23. Nd1 Rad8 24. Ne3 Rd2 25. Rxd2 Rxd2 26. Nc4 Rd5 27.
Nxe5 Rxe5 28. f4 Ra5 29. Ra1 Rc5 30. a3 Rc2 31. axb4 Rxb2 32. Rxa6 Rxb4 1/2-1/2

[Event "2023 IBCA European Team Championship for the Blind and Visually Impaired"]
[Site "Genoa, Italy"]
[Date "2023.04.24"]
[Round "5"]
[White "Ivanov, Ljubomir"]
[Black "Saez Gabikagogeaskoa, Oscar"]
[Result "1-0"]
[Time "15:00:00"]
[UTCTime "13:00:00"]
[UTCDate "2023.04.24"]
[Board "1.2"]
[WhiteTeam "Bulgaria"]
[BlackTeam "Spain"]
[WhiteCountry "BUL"]
[BlackCountry "ESP"]
[WhiteTitle "-"]
[BlackTitle "-"]
[WhiteElo "1768"]
[BlackElo "1979"]
[TimeControl "5400+30"]
[Opening "Queen's pawn game"]
[ECO "A45"]
[PlyCount "43"]
[EventDate "2023.04.20"]
[EventType "team"]
[EventRounds "9"]
[EventCountry "ITA"]
[Annotator "Vrioni, Bersan"]

1. d4 Nf6 2. Bf4 d5 3. Nf3 e6 4. e3 Bd6 5. Bxd6 Qxd6 6. Bd3 O-O 7. Nbd2 c5 8. c3
b6 9. Ne5 Bb7 10. O-O Nc6 11. f4 Ne7 12. Rf3 Ne4 13. Rh3 h6 14. g4 f6 15. Nef3
cxd4 16. Nxd4 e5 17. Nxe4 dxe4 18. Bc4+ Kh7 19. Ne6 Qxd1+ 20. Rxd1 Rfc8 21. Rd7
Rxc4 22. Rxe7 1-0

[Event "2023 IBCA European Team Championship for the Blind and Visually Impaired"]
[Site "Genoa, Italy"]
[Date "2023.04.24"]
[Round "5"]
[White "Streltsov, Alexey"]
[Black "Dimic, Pavle"]
[Result "1-0"]
[Time "15:00:00"]
[UTCTime "13:00:00"]
[UTCDate "2023.04.24"]
[Board "2.1"]
[WhiteTeam "Israel"]
[BlackTeam "Serbia"]
[WhiteCountry "ISR"]
[BlackCountry "SRB"]
[WhiteTitle "FM"]
[BlackTitle "FM"]
[WhiteElo "2326"]
[BlackElo "2349"]
[TimeControl "5400+30"]
[Opening "Queen's pawn game"]
[ECO "A45"]
[PlyCount "101"]
[EventDate "2023.04.20"]
[EventType "team"]
[EventRounds "9"]
[EventCountry "ITA"]
[Annotator "Vrioni, Bersan"]

1. d4 Nf6 2. Bf4 d6 3. Nc3 Nbd7 4. Nf3 c5 5. d5 Qa5 6. Nd2 b5 7. e4 b4 8. Ncb1
Ba6 9. Bc4 Nb6 10. Qe2 Nxc4 11. Nxc4 Bxc4 12. Qxc4 Nd7 13. Qe2 Qc7 14. Nd2 g6
15. Nc4 Bg7 16. O-O-O a5 17. e5 Nxe5 18. Bxe5 Bxe5 19. Nxe5 dxe5 20. f4 O-O 21.
fxe5 Rad8 22. Rhe1 Rd7 23. Qc4 Rfd8 24. Rd3 Qb7 25. Red1 Qc7 26. Qf4 Qb7 27. e6
fxe6 28. dxe6 Rxd3 29. Qf7+ Kh8 30. Rxd3 Rg8 31. b3 c4 32. bxc4 a4 33. Kb2 Qe4
34. Qxe7 Qe5+ 35. Kc1 Qf4+ 36. Kb1 Qf1+ 37. Kb2 a3+ 38. Kb3 Qb1+ 39. Ka4 Qxc2+
40. Rb3 Ra8+ 41. Kb5 Rb8+ 42. Ka5 Qf5+ 43. c5 Qf1 44. Qd7 Ra8+ 45. Kxb4 Qe1+ 46.
Kc4 Qc1+ 47. Rc3 Qf1+ 48. Qd3 Ra4+ 49. Kb3 Qf4 50. Qd8+ Kg7 51. Qd7+ 1-0

[Event "2023 IBCA European Team Championship for the Blind and Visually Impaired"]
[Site "Genoa, Italy"]
[Date "2023.04.24"]
[Round "5"]
[White "Wolanski, Michal"]
[Black "Stimec, Marjan"]
[Result "0-1"]
[Time "15:00:00"]
[UTCTime "13:00:00"]
[UTCDate "2023.04.24"]
[Board "3.3"]
[WhiteTeam "Poland"]
[BlackTeam "Slovenia"]
[WhiteCountry "POL"]
[BlackCountry "SLO"]
[WhiteTitle "-"]
[BlackTitle "-"]
[WhiteElo "1969"]
[BlackElo "1771"]
[TimeControl "5400+30"]
[Opening "English opening"]
[ECO "A20"]
[PlyCount "120"]
[EventDate "2023.04.20"]
[EventType "team"]
[EventRounds "9"]
[EventCountry "ITA"]
[Annotator "Vrioni, Bersan"]

1. c4 e5 2. g3 Nc6 3. Bg2 Nf6 4. Nf3 d5 5. cxd5 Nxd5 6. O-O Be7 7. d4 exd4 8.
Nxd4 Nxd4 9. Qxd4 Nf6 10. Qa4+ Qd7 11. Qb3 c6 12. Nc3 Qe6 13. Qa4 O-O 14. Bf4
Bd6 15. Bxd6 Qxd6 16. Rfd1 Qe7 17. Rd2 Be6 18. Rad1 a5 19. Qc2 Qc5 20. b3 Bf5
21. Qb2 Rfe8 22. Na4 Qa7 23. Rc1 Rad8 24. Nc5 Qb6 25. Rxd8 Rxd8 26. Qe5 Bc8 27.
e3 Re8 28. Qd4 Rd8 29. Qe5 Qb4 30. h3 Qd2 31. Qc3 Qxc3 32. Rxc3 Rd1+ 33. Kh2 Rd2
34. Rd3 Rxd3 35. Nxd3 Kf8 36. Ne5 Ke7 37. Nc4 a4 38. bxa4 Kd7 39. Nb6+ Kc7 40.
Nxc8 Kxc8 41. g4 Kc7 42. a5 Kd6 43. Kg3 Nd5 44. Bf1 Kc5 45. e4 Nc3 46. e5 Nxa2
47. f4 Kd4 48. a6 bxa6 49. Bxa6 Nb4 50. Be2 c5 51. Kf3 c4 52. Bxc4 Kxc4 53. Ke4
Nd3 54. h4 Nc5+ 55. Kf5 Kd5 56. h5 Ne6 57. g5 Nd4+ 58. Kg4 Ke4 59. e6 fxe6 60.
g6 h6 0-1

[Event "2023 IBCA European Team Championship for the Blind and Visually Impaired"]
[Site "Genoa, Italy"]
[Date "2023.04.24"]
[Round "5"]
[White "Muri, Emil"]
[Black "Migala, Andrzej"]
[Result "1/2-1/2"]
[Time "15:00:00"]
[UTCTime "13:00:00"]
[UTCDate "2023.04.24"]
[Board "3.4"]
[WhiteTeam "Slovenia"]
[BlackTeam "Poland"]
[WhiteCountry "SLO"]
[BlackCountry "POL"]
[WhiteTitle "-"]
[BlackTitle "-"]
[WhiteElo "1799"]
[BlackElo "1938"]
[TimeControl "5400+30"]
[Opening "Sicilian"]
[ECO "B50"]
[PlyCount "30"]
[EventDate "2023.04.20"]
[EventType "team"]
[EventRounds "9"]
[EventCountry "ITA"]
[Annotator "Vrioni, Bersan"]

1. e4 c5 2. Nf3 d6 3. d4 Nf6 4. dxc5 Nxe4 5. cxd6 Nxd6 6. Nc3 Nc6 7. Be2 e6 8.
O-O Be7 9. Nb5 O-O 10. Nxd6 Bxd6 11. Be3 Qc7 12. h3 b6 13. c3 Bb7 14. Qa4 Rad8
15. Rad1 Be7 1/2-1/2

[Event "2023 IBCA European Team Championship for the Blind and Visually Impaired"]
[Site "Genoa, Italy"]
[Date "2023.04.24"]
[Round "5"]
[White "Pribeanu, Mihail-Dacian"]
[Black "Eichstaedt, Mirko"]
[Result "0-1"]
[Time "15:00:00"]
[UTCTime "13:00:00"]
[UTCDate "2023.04.24"]
[Board "4.1"]
[WhiteTeam "Romania"]
[BlackTeam "Germany"]
[WhiteCountry "ROU"]
[BlackCountry "GER"]
[WhiteTitle "FM"]
[BlackTitle "CM"]
[WhiteElo "2130"]
[BlackElo "2241"]
[TimeControl "5400+30"]
[Opening "Benko's opening"]
[ECO "A00"]
[PlyCount "76"]
[EventDate "2023.04.20"]
[EventType "team"]
[EventRounds "9"]
[EventCountry "ITA"]
[Annotator "Vrioni, Bersan"]

1. g3 d5 2. Bg2 Nf6 3. Nf3 c6 4. O-O Bg4 5. c4 e6 6. b3 Bd6 7. Bb2 Nbd7 8. d3
O-O 9. Nbd2 Qe7 10. Rc1 a5 11. Re1 Rfe8 12. Qc2 Qf8 13. h3 Bh5 14. g4 Bg6 15.
Nh4 a4 16. Nxg6 hxg6 17. e4 dxe4 18. Nxe4 Nxe4 19. Bxe4 Nc5 20. Bg2 a3 21. Bc3
e5 22. b4 Ne6 23. c5 Bc7 24. Bd2 Nd4 25. Qc4 Nb5 26. Re4 Red8 27. g5 Rd4 28.
Rxd4 Nxd4 29. Re1 Qd8 30. Re4 Nb5 31. Rh4 Nd4 32. Be4 Nf5 33. Rg4 Qd4 34. Qb3
Qb2 35. Qc3 Nd4 36. Kg2 Ne2 37. Qc4 Qxd2 38. Bxg6 Nf4+ 0-1

[Event "2023 IBCA European Team Championship for the Blind and Visually Impaired"]
[Site "Genoa, Italy"]
[Date "2023.04.24"]
[Round "5"]
[White "Schellmann, Frank"]
[Black "Dima, Mihai"]
[Result "1/2-1/2"]
[Time "15:00:00"]
[UTCTime "13:00:00"]
[UTCDate "2023.04.24"]
[Board "4.2"]
[WhiteTeam "Germany"]
[BlackTeam "Romania"]
[WhiteCountry "GER"]
[BlackCountry "ROU"]
[WhiteTitle "CM"]
[BlackTitle "-"]
[WhiteElo "1936"]
[BlackElo "1944"]
[TimeControl "5400+30"]
[Opening "French"]
[Variation "advance, Euwe variation"]
[ECO "C02"]
[PlyCount "39"]
[EventDate "2023.04.20"]
[EventType "team"]
[EventRounds "9"]
[EventCountry "ITA"]
[Annotator "Vrioni, Bersan"]

1. e4 e6 2. d4 d5 3. e5 c5 4. c3 Nc6 5. Nf3 Bd7 6. Be2 Nge7 7. O-O Qb6 8. dxc5
Qxc5 9. Nbd2 Ng6 10. Nb3 Qb6 11. Be3 Qc7 12. Nbd4 Ncxe5 13. Nxe5 Qxe5 14. Qd2
Qb8 15. f4 Bd6 16. Nb5 Be7 17. f5 exf5 18. Qxd5 Be6 19. Qd2 O-O 20. Nd4 1/2-1/2

[Event "2023 IBCA European Team Championship for the Blind and Visually Impaired"]
[Site "Genoa, Italy"]
[Date "2023.04.24"]
[Round "5"]
[White "Morariu, Ionel"]
[Black "Dobierzin, Olaf"]
[Result "1/2-1/2"]
[Time "15:00:00"]
[UTCTime "13:00:00"]
[UTCDate "2023.04.24"]
[Board "4.3"]
[WhiteTeam "Romania"]
[BlackTeam "Germany"]
[WhiteCountry "ROU"]
[BlackCountry "GER"]
[WhiteTitle "-"]
[BlackTitle "-"]
[WhiteElo "1914"]
[BlackElo "1935"]
[TimeControl "5400+30"]
[Opening "Sicilian"]
[Variation "Najdorf, Opovcensky variation"]
[ECO "B92"]
[PlyCount "35"]
[EventDate "2023.04.20"]
[EventType "team"]
[EventRounds "9"]
[EventCountry "ITA"]
[Annotator "Vrioni, Bersan"]

1. e4 c5 2. Nf3 d6 3. d4 cxd4 4. Nxd4 Nf6 5. Nc3 a6 6. Be2 e5 7. Nb3 Be7 8. Be3
Be6 9. O-O O-O 10. f4 Qc7 11. f5 Bc4 12. g4 h6 13. h4 Nh7 14. Bxc4 Qxc4 15. Na5
Qc8 16. Nd5 Bd8 17. Qd2 Nd7 18. Qg2 1/2-1/2

[Event "2023 IBCA European Team Championship for the Blind and Visually Impaired"]
[Site "Genoa, Italy"]
[Date "2023.04.24"]
[Round "5"]
[White "Dyballa, Gerhard"]
[Black "Bursuc, Mihai"]
[Result "1-0"]
[Time "15:00:00"]
[UTCTime "13:00:00"]
[UTCDate "2023.04.24"]
[Board "4.4"]
[WhiteTeam "Germany"]
[BlackTeam "Romania"]
[WhiteCountry "GER"]
[BlackCountry "ROU"]
[WhiteTitle "-"]
[BlackTitle "-"]
[WhiteElo "1912"]
[BlackElo "1808"]
[TimeControl "5400+30"]
[Opening "English opening"]
[ECO "A16"]
[PlyCount "81"]
[EventDate "2023.04.20"]
[EventType "team"]
[EventRounds "9"]
[EventCountry "ITA"]
[Annotator "Vrioni, Bersan"]

1. c4 Nf6 2. Nc3 g6 3. e4 d6 4. d4 Bg7 5. Nf3 O-O 6. Be2 e5 7. d5 a5 8. Bg5 h6
9. Bh4 Na6 10. Nd2 Bd7 11. O-O Qe8 12. b3 Nh7 13. f3 h5 14. a3 Bh6 15. Bf2 Qe7
16. Kh1 Qg5 17. Ra2 f5 18. Qc2 b6 19. Rb1 Qe7 20. b4 a4 21. Nf1 Nf6 22. Bd3 fxe4
23. Nxe4 Nxe4 24. Bxe4 Bf5 25. Ng3 Qg5 26. Re1 Bxe4 27. Nxe4 Qf5 28. c5 bxc5 29.
bxc5 Qd7 30. c6 Qf7 31. Qc4 g5 32. Be3 Qf5 33. Rb2 h4 34. h3 Qg6 35. Qc1 Rf4 36.
Bxf4 gxf4 37. Qc4 Kh7 38. Rb7 Rg8 39. Re2 Qf7 40. Qxa6 Qxd5 41. Nf6+ 1-0

[Event "2023 IBCA European Team Championship for the Blind and Visually Impaired"]
[Site "Genoa, Italy"]
[Date "2023.04.24"]
[Round "5"]
[White "Casadei, Marco"]
[Black "Kolpakov, Vladyslav"]
[Result "1-0"]
[Time "15:00:00"]
[UTCTime "13:00:00"]
[UTCDate "2023.04.24"]
[Board "5.1"]
[WhiteTeam "Italy"]
[BlackTeam "Ukraine"]
[WhiteCountry "ITA"]
[BlackCountry "UKR"]
[WhiteTitle "-"]
[BlackTitle "-"]
[WhiteElo "1982"]
[BlackElo "2248"]
[TimeControl "5400+30"]
[Opening "French"]
[Variation "MacCutcheon, Lasker variation"]
[ECO "C12"]
[PlyCount "69"]
[EventDate "2023.04.20"]
[EventType "team"]
[EventRounds "9"]
[EventCountry "ITA"]
[Annotator "Vrioni, Bersan"]

1. e4 e6 2. d4 d5 3. Nc3 Nf6 4. Bg5 Bb4 5. e5 h6 6. Bd2 Bxc3 7. bxc3 Ne4 8.
Qg4 Kf8 9. Bd3 Nxd2 10. Kxd2 c5 11. Nf3 c4 12. Be2 b5 13. Rhb1 Bd7 14. h4
Nc6 15. Qf4 Rb8 16. g4 b4 17. cxb4 Nxb4 18. c3 Nc6 19. Bd1 Be8 20. Bc2 Rb6
21. g5 Qe7 22. g6 f6 23. h5 Bd7 24. Rxb6 axb6 25. Rb1 Ke8 26. exf6 gxf6 27.
Rxb6 Rf8 28. Qxh6 Kd8 29. Qe3 e5 30. h6 e4 31. g7 Re8 32. Nh4 Kc7 33. Rb1
Be6 34. Qg3+ Kc8 35. h7 Qd8 36. h8=Q Rxh8 37. gxh8=Q Qxh8 38. Qf4 Qg7 39.
Ba4 Qa7 40. Qxf6 Bd7 41. Qf8+ Kc7 42. Bc2 Qxa2 43. Nf5 Qa7 44. Qd6+ Kd8 45.
Qxd5 e3+ 46. Nxe3 Ne7 47. Qxc4 Qa8 48. d5 Qa7 49. Qd4 Qa6 50. Qb6+ 1-0

[Event "2023 IBCA European Team Championship for the Blind and Visually Impaired"]
[Site "Genoa, Italy"]
[Date "2023.04.24"]
[Round "5"]
[White "Shepelev, Igor"]
[Black "Vrioni, Bersan"]
[Result "1/2-1/2"]
[Time "15:00:00"]
[UTCTime "13:00:00"]
[UTCDate "2023.04.24"]
[Board "5.2"]
[WhiteTeam "Ukraine"]
[BlackTeam "Italy"]
[WhiteCountry "UKR"]
[BlackCountry "ITA"]
[WhiteTitle "-"]
[BlackTitle "-"]
[WhiteElo "2076"]
[BlackElo "1910"]
[TimeControl "5400+30"]
[Opening "Queen's pawn game"]
[ECO "D02"]
[PlyCount "45"]
[EventDate "2023.04.20"]
[EventType "team"]
[EventRounds "9"]
[EventCountry "ITA"]
[Annotator "Vrioni, Bersan"]

1. d4 d5 2. Nf3 Nf6 3. c4 e6 4. g3 c6 5. Bg2 Nbd7 6. b3 g6 7. O-O Bg7 8. Ba3 Ne4
9. Nfd2 f5 10. Nxe4 dxe4 11. e3 Kf7 12. f3 exf3 13. Bxf3 Re8 14. Nc3 Kg8 15. Rc1
e5 16. d5 e4 17. dxc6 bxc6 18. Be2 Ne5 19. Qxd8 Rxd8 20. Rfd1 Be6 21. Bb4 Rxd1+
22. Rxd1 a5 23. Bc5 1/2-1/2

[Event "2023 IBCA European Team Championship for the Blind and Visually Impaired"]
[Site "Genoa, Italy"]
[Date "2023.04.24"]
[Round "5"]
[White "Badano, Giancarlo"]
[Black "Zsiltzova-Lisenko, Lubov"]
[Result "0-1"]
[Time "15:00:00"]
[UTCTime "13:00:00"]
[UTCDate "2023.04.24"]
[Board "5.3"]
[WhiteTeam "Italy"]
[BlackTeam "Ukraine"]
[WhiteCountry "ITA"]
[BlackCountry "UKR"]
[WhiteTitle "-"]
[BlackTitle "WIM"]
[WhiteElo "1742"]
[BlackElo "2151"]
[TimeControl "5400+30"]
[Opening "Sicilian"]
[Variation "Najdorf, Opovcensky variation"]
[ECO "B92"]
[PlyCount "74"]
[EventDate "2023.04.20"]
[EventType "team"]
[EventRounds "9"]
[EventCountry "ITA"]
[Annotator "Vrioni, Bersan"]

1. e4 c5 2. Nf3 d6 3. d4 cxd4 4. Nxd4 Nf6 5. Nc3 a6 6. Be2 e6 7. Be3 Be7 8. O-O
O-O 9. a4 Qc7 10. Qd2 b6 11. f3 Nbd7 12. g4 Bb7 13. g5 Ne8 14. f4 Nc5 15. Bd3 e5
16. Nf5 Bd8 17. Qg2 Nxd3 18. cxd3 Qd7 19. h4 Kh8 20. Rf3 Rc8 21. Rg3 b5 22. axb5
axb5 23. Rf1 b4 24. Nd1 Qb5 25. Qd2 d5 26. fxe5 dxe4 27. d4 Bb6 28. h5 Rd8 29.
Rf2 Bc7 30. Qe2 Qd7 31. Rf1 Qe6 32. Qf2 Ba6 33. Re1 Ba5 34. Bd2 Bd3 35. Be3 Nc7
36. Nd6 Nd5 37. Qh2 Bc7 0-1

[Event "2023 IBCA European Team Championship for the Blind and Visually Impaired"]
[Site "Genoa, Italy"]
[Date "2023.04.24"]
[Round "5"]
[White "Yatsishin, Ivan"]
[Black "Pugliese, Giuseppe Franco"]
[Result "1-0"]
[Time "15:00:00"]
[UTCTime "13:00:00"]
[UTCDate "2023.04.24"]
[Board "5.4"]
[WhiteTeam "Ukraine"]
[BlackTeam "Italy"]
[WhiteCountry "UKR"]
[BlackCountry "ITA"]
[WhiteTitle "-"]
[BlackTitle "-"]
[WhiteElo "2049"]
[BlackElo "1508"]
[TimeControl "5400+30"]
[Opening "Sicilian"]
[Variation "Flohr variation"]
[ECO "B32"]
[PlyCount "75"]
[EventDate "2023.04.20"]
[EventType "team"]
[EventRounds "9"]
[EventCountry "ITA"]
[Annotator "Vrioni, Bersan"]

1. e4 c5 2. Nf3 Nc6 3. d4 cxd4 4. Nxd4 Qc7 5. Nc3 e6 6. Be3 a6 7. Qd2 Nf6 8. a3
b5 9. f4 d6 10. Be2 Bb7 11. Nxc6 Bxc6 12. Bf3 Be7 13. O-O Nd7 14. Rad1 Rd8 15.
f5 O-O 16. fxe6 fxe6 17. Bg4 e5 18. Rxf8+ Rxf8 19. Nd5 Bxd5 20. Qxd5+ Kh8 21.
Bxd7 Qxd7 22. Qxe5 Qg4 23. Qd5 Qe2 24. Qd3 Qg4 25. c3 h5 26. h3 Qg3 27. Bd4 Qh4
28. Qe2 Bg5 29. Bf2 Qf4 30. g3 Qe5 31. Qxh5+ Kg8 32. Rd5 Qxe4 33. Qxg5 Qb1+ 34.
Kg2 Qe4+ 35. Kf1 Qb1+ 36. Ke2 Re8+ 37. Be3 Qg1 38. Rd3 1-0

[Event "2023 IBCA European Team Championship for the Blind and Visually Impaired"]
[Site "Genoa, Italy"]
[Date "2023.04.24"]
[Round "5"]
[White "Cajzler, Hinko"]
[Black "Selkovski, Zarko"]
[Result "1-0"]
[Time "15:00:00"]
[UTCTime "13:00:00"]
[UTCDate "2023.04.24"]
[Board "6.1"]
[WhiteTeam "Croatia"]
[BlackTeam "North Macedonia"]
[WhiteCountry "CRO"]
[BlackCountry "MKD"]
[WhiteTitle "-"]
[BlackTitle "-"]
[WhiteElo "2030"]
[BlackElo "1920"]
[TimeControl "5400+30"]
[Opening "Sicilian"]
[Variation "Kan, Polugaievsky variation"]
[ECO "B42"]
[PlyCount "101"]
[EventDate "2023.04.20"]
[EventType "team"]
[EventRounds "9"]
[EventCountry "ITA"]
[Annotator "Vrioni, Bersan"]

1. e4 c5 2. Nf3 e6 3. d4 cxd4 4. Nxd4 a6 5. Bd3 Bc5 6. Nb3 Ba7 7. c4 Nf6 8. Nc3
Qc7 9. Qe2 Nc6 10. f4 d6 11. Be3 Bxe3 12. Qxe3 O-O 13. Rc1 Bd7 14. Be2 Na5 15.
Nxa5 Qxa5 16. O-O Bc6 17. Rfd1 Rfd8 18. Bf3 Qc5 19. Qxc5 dxc5 20. Kf2 Rd4 21. e5
Bxf3 22. Kxf3 Rxd1 23. Rxd1 Ne8 24. Rd7 Rb8 25. a4 b6 26. Ra7 a5 27. Rd7 g6 28.
g4 h6 29. Ne4 Kf8 30. h3 Kg8 31. b3 Kf8 32. Ke3 Kg8 33. Ng3 Ng7 34. Ke4 Kf8 35.
f5 Ke8 36. Rd6 gxf5+ 37. gxf5 exf5+ 38. Nxf5 Ne6 39. h4 h5 40. Ng3 Ke7 41. Nf5+
Ke8 42. Rd1 Kf8 43. Rd7 Ke8 44. Ra7 Kf8 45. Nd6 Nd8 46. Kf5 Kg7 47. Kg5 Kg8 48.
Kf6 Kf8 49. Nxf7 Nc6 50. Rc7 Nd4 51. e6 1-0

[Event "2023 IBCA European Team Championship for the Blind and Visually Impaired"]
[Site "Genoa, Italy"]
[Date "2023.04.24"]
[Round "5"]
[White "Kostadinovski, Zoran"]
[Black "Culjak, Miso"]
[Result "1-0"]
[Time "15:00:00"]
[UTCTime "13:00:00"]
[UTCDate "2023.04.24"]
[Board "6.2"]
[WhiteTeam "North Macedonia"]
[BlackTeam "Croatia"]
[WhiteCountry "MKD"]
[BlackCountry "CRO"]
[WhiteTitle "-"]
[BlackTitle "-"]
[WhiteElo "1907"]
[BlackElo "1705"]
[TimeControl "5400+30"]
[Opening "Queen's pawn"]
[ECO "A40"]
[PlyCount "23"]
[EventDate "2023.04.20"]
[EventType "team"]
[EventRounds "9"]
[EventCountry "ITA"]
[Annotator "Vrioni, Bersan"]

1. d4 e6 2. c4 d5 3. Nc3 Nf6 4. Bf4 Bd6 5. Bg3 c6 6. e3 Bb4 7. Bd3 dxc4 8. Bxc4
Ne4 9. Qc2 O-O 10. Qxe4 Nd7 11. Qc2 Nf6 12. O-O-O 1-0

[Event "2023 IBCA European Team Championship for the Blind and Visually Impaired"]
[Site "Genoa, Italy"]
[Date "2023.04.24"]
[Round "5"]
[White "Kljaic, Kresimir"]
[Black "Atanasovski, Blazhe"]
[Result "1-0"]
[Time "15:00:00"]
[UTCTime "13:00:00"]
[UTCDate "2023.04.24"]
[Board "6.3"]
[WhiteTeam "Croatia"]
[BlackTeam "North Macedonia"]
[WhiteCountry "CRO"]
[BlackCountry "MKD"]
[WhiteTitle "-"]
[BlackTitle "-"]
[WhiteElo "1520"]
[BlackElo "1760"]
[TimeControl "5400+30"]
[Opening "Bishop's opening"]
[Variation "Berlin defence"]
[ECO "C24"]
[PlyCount "25"]
[EventDate "2023.04.20"]
[EventType "team"]
[EventRounds "9"]
[EventCountry "ITA"]
[Annotator "Vrioni, Bersan"]

1. e4 e5 2. Bc4 Nf6 3. d3 Bc5 4. Nc3 d6 5. f4 Ng4 6. f5 Nf2 7. Qh5 O-O 8. Bg5
Qe8 9. Nd5 Nd7 10. Nxc7 Nf6 11. Bxf6 Qd7 12. Qg5 g6 13. Qh6 1-0

[Event "2023 IBCA European Team Championship for the Blind and Visually Impaired"]
[Site "Genoa, Italy"]
[Date "2023.04.24"]
[Round "5"]
[White "Gashi, Gani"]
[Black "Deville, Olivier"]
[Result "0-1"]
[Time "15:00:00"]
[UTCTime "13:00:00"]
[UTCDate "2023.04.24"]
[Board "7.2"]
[WhiteTeam "Kosovo"]
[BlackTeam "France"]
[WhiteCountry "KOS"]
[BlackCountry "FRA"]
[WhiteTitle "-"]
[BlackTitle "-"]
[WhiteElo "1741"]
[BlackElo "1770"]
[TimeControl "5400+30"]
[Opening "Sicilian"]
[ECO "B50"]
[PlyCount "64"]
[EventDate "2023.04.20"]
[EventType "team"]
[EventRounds "9"]
[EventCountry "ITA"]
[Annotator "Vrioni, Bersan"]

1. e4 c5 2. Nf3 d6 3. Bc4 Nf6 4. d3 e6 5. Bg5 Be7 6. O-O O-O 7. c3 a6 8. Nbd2
Nc6 9. Re1 Na5 10. Bb3 Nxb3 11. Nxb3 b5 12. Nbd2 Bb7 13. Nf1 Re8 14. h3 Rc8 15.
Ng3 Qb6 16. a3 a5 17. e5 Nd5 18. Bxe7 Rxe7 19. Ne4 Qc7 20. Nfg5 h6 21. Nf3 Nf4
22. d4 Rd7 23. Qc1 Nxh3+ 24. Kf1 Nf4 25. Re3 Rcd8 26. Qe1 Qc6 27. b4 a4 28. Ra2
dxe5 29. Nd6 h5 30. c4 Rxd6 31. Qe2 Qe4 32. Qd1 Qc2 0-1